Oilers vs Kraken
Created - January 28, 2025 at 20:37
Goals
|
| Oilers |
1 |
1 |
0 |
2 |
| Kraken |
2 |
1 |
2 |
5 |
|
Shots
|
| Oilers |
13 |
14 |
6 |
33 |
| Kraken |
4 |
7 |
17 |
28 |
|
1st period
1. Kraken , Alex Tuch 7 (Tyler Bertuzzi 8) at 2:31
2. Kraken , Alex Tuch 8 (Andrei Loktionov 16, Marcus Johansson 20) at 8:31
3. Oilers , Jason Robertson 2 (Marcus Pettersson 18, Brent Seabrook 8) at 14:30
Penalties :
Jason Robertson (Edm) for Roughing (Minor) at 4:33, Brendan Gallagher (Sea) for High sticking (Minor) at 11:16
2nd period
4. Oilers , Leon Draisaitl 15 (Mitch Marner 19) at 8:54
5. Kraken , Brendan Gallagher 20 (Ryan Nugent-Hopkins 28) at 10:37
Penalties :
Darnell Nurse (Edm) for Tripping (Minor) at 1:43, Brent Seabrook (Edm) for High sticking (Minor) at 16:39
3rd period
6. Kraken , Gabriel Bourque 8 (Olli Maatta 12) at 7:28
7. Kraken , Zach Bogosian 4 (Alex Tuch 9, Tyler Bertuzzi 9) at 8:28
Penalties :
Andrew Mangiapane (Edm) for Roughing (Minor) at 4:27
Goalie Stats
Jaroslav Halak (Edm), 9 saves from 10 shots - (0.900), 12:32 minutes
Carter Hart (Edm), 14 saves from 18 shots - (0.778), L, 12-13-4, 47:28 minutes
Laurent Brossoit (Sea), 31 saves from 33 shots - (0.939), W, 14-17-2, 60:00 minutes
Players Stats for Oilers
Player Name G A P +/- PIM S H SB GA TA FO MP PP MP PK MP
------------------------------------------------------------------------------------
Andrew Mangiapane 0 0 0 -1 2 1 0 1 0 0 0/1 12:40 0:00 0:00
Anton Slepyshev 0 0 0 0 0 2 0 1 1 1 0/0 5:36 0:00 1:20
Brent Burns 0 0 0 -1 0 0 0 1 1 0 0/0 14:10 0:54 1:44
Brent Seabrook 0 1 1 0 2 0 2 0 0 1 0/0 19:08 0:54 2:17
Brett Lernout 0 0 0 -1 0 1 1 0 0 1 0/0 10:57 0:00 0:00
Christian Fischer 0 0 0 0 0 0 0 0 0 0 0/0 5:03 0:00 0:00
Connor McDavid 0 0 0 -1 0 5 1 0 0 0 17/29 19:43 1:06 1:20
Darnell Nurse 0 0 0 -2 2 0 1 6 0 1 0/0 27:02 0:00 3:49
Frederik Gauthier 0 0 0 -1 0 5 2 0 1 2 0/6 15:15 0:00 2:22
Jamie Benn 0 0 0 -1 0 0 1 0 0 1 0/0 20:45 0:53 2:22
Jamie McBain 0 0 0 -2 0 3 2 1 2 2 0/0 29:13 1:05 4:55
Jason Robertson 1 0 1 -1 2 2 1 0 0 0 0/1 12:45 0:00 0:00
Leon Draisaitl 1 0 1 -1 0 1 0 0 1 0 1/1 15:58 1:06 0:00
Marcus Pettersson 0 1 1 0 0 0 2 1 0 0 0/0 19:35 1:05 3:07
Mitch Marner 0 1 1 -1 0 4 0 1 0 1 2/3 20:46 1:06 4:14
Nikita Kucherov 0 0 0 -1 0 8 0 1 2 2 0/2 18:10 0:53 0:00
Noel Acciari 0 0 0 0 0 0 0 0 0 0 1/5 5:03 0:00 0:00
Tyler Johnson 0 0 0 -1 0 1 1 1 0 0 7/20 20:11 0:53 4:14
Players Stats for Kraken
Player Name G A P +/- PIM S H SB GA TA FO MP PP MP PK MP
------------------------------------------------------------------------------------
Alex Tuch 2 1 3 3 0 3 2 0 0 0 0/1 18:27 3:12 0:00
Andrei Loktionov 0 1 1 3 0 1 0 0 0 1 7/10 19:30 3:12 1:03
Brendan Gallagher 1 0 1 1 2 4 0 1 0 0 1/2 21:59 4:44 0:00
Erik Gudbranson 0 0 0 1 0 1 0 1 1 2 0/0 26:29 4:35 1:06
Gabriel Bourque 1 0 1 1 0 1 0 0 1 0 0/0 8:22 0:00 1:03
Gustav Nyquist 0 0 0 1 0 2 0 0 0 0 0/0 7:19 0:00 0:00
Jalen Chatfield 0 0 0 1 0 0 0 0 0 1 0/0 11:34 0:00 0:00
Jamie Oleksiak 0 0 0 1 0 0 1 0 0 1 0/0 11:34 0:00 0:00
JT Compher 0 0 0 -2 0 1 0 0 0 0 1/1 10:44 0:00 0:26
Marcus Johansson 0 1 1 1 0 1 0 0 0 1 2/3 21:57 4:44 0:00
Nikita Zaitsev 0 0 0 1 0 0 2 0 1 0 0/0 21:57 3:21 0:53
Olli Maatta 0 1 1 1 0 1 0 1 3 0 0/0 21:57 3:21 0:53
Pierre-Luc Dubois 0 0 0 1 0 0 0 1 0 1 4/6 7:19 0:00 0:00
Ryan Nugent-Hopkins 0 1 1 1 0 2 1 0 1 1 20/39 22:50 4:44 0:53
Tanner Richard 0 0 0 -2 0 0 0 0 1 0 5/5 10:21 0:00 0:03
Tyler Bertuzzi 0 2 2 3 0 4 4 0 1 0 0/0 18:57 3:12 0:30
Zach Bogosian 1 0 1 1 0 3 2 1 2 0 0/0 26:29 4:35 1:06
Zach Hyman 0 0 0 -2 0 4 1 0 1 0 0/1 10:15 0:00 0:00
3 Stars
1 - Alex Tuch (Sea)
2 - Tyler Bertuzzi (Sea)
3 - Zach Bogosian (Sea)
Power Play
Oilers - 0 on 1 Attempt(s) - 0.00%
Kraken - 0 on 4 Attempt(s) - 0.00%
Penalty Kill
Oilers - 4 on 4 Attempt(s) - 100.00%
- Score 0 goal in Penalty Kill
Kraken - 1 on 1 Attempt(s) - 100.00%
- Score 0 goal in Penalty Kill
Team Stat
Oilers - Hits : 14 - Faceoff Wins : 28 - Blocked Shots : 14 - Penalty Minutes : 8
Kraken - Hits : 13 - Faceoff Wins : 40 - Blocked Shots : 5 - Penalty Minutes : 2
Official
Referees : Francois St. Laurent and Frederick L'Ecuyer
Linesman : Steve Barton and Kiel Murchison
Game Notes
Jaroslav Halak enters game at 7:28 of 3rd period
Anton Slepyshev is injured at 13:03 of 3rd period (Bruised Right Foot)
Finance
Level 1 -- Attendance: 5456 (90.93%) -- Ticket Income $545,600
Level 2 -- Attendance: 4437 (88.74%) -- Ticket Income $310,590
Level 3 -- Attendance: 1774 (88.70%) -- Ticket Income $70,960
Level 4 -- Attendance: 3914 (97.85%) -- Ticket Income $117,420
Luxury Box -- Attendance: 954 (95.40%) -- Ticket Income $190,800
Game was played at the Climate Pledge Arena.
Total Attendance: 16535 (91.86%)
Total Ticket Income: $1,235,370
Other Income: $185,306
Total Income: $1,420,676
Oilers
5 vs 5 Forward
Center Left Wing Right Wing Time % Phy DF OF
1 Connor McDavid Jamie Benn Nikita Kucherov 35 1 2 2
2 Tyler Johnson Leon Draisaitl Mitch Marner 30 1 2 2
3 Frederik Gauthier Jason Robertson Andrew Mangiapane 25 1 2 2
4 Noel Acciari Anton Slepyshev Christian Fischer 10 1 2 2
5 vs 5 Defense
Defense Defense Time % Phy DF OF
1 Darnell Nurse Jamie McBain 40 1 2 2
2 Brent Seabrook Marcus Pettersson 30 1 2 2
3 Brent Burns Brett Lernout 20 1 2 2
4 Darnell Nurse Jamie McBain 10 1 2 2
PowerPlay Forward
Center Left Wing Right Wing Time % Phy DF OF
1 Connor McDavid Leon Draisaitl Mitch Marner 60 1 2 2
2 Tyler Johnson Jamie Benn Nikita Kucherov 40 1 2 2
PowerPlay Defense
Defense Defense Time % Phy DF OF
1 Marcus Pettersson Jamie McBain 60 1 2 2
2 Brent Burns Brent Seabrook 40 1 2 2
Penalty Kill 4 Players Forward
Center Wing Time % Phy DF OF
1 Tyler Johnson Mitch Marner 60 1 4 0
2 Frederik Gauthier Jamie Benn 40 1 4 0
Penalty Kill 4 Players Defense
Defense Defense Time % Phy DF OF
1 Darnell Nurse Jamie McBain 60 0 5 0
2 Brent Seabrook Marcus Pettersson 40 0 5 0
Penalty Kill - 3 Players Forward
Forward Time % Phy DF OF
1 Frederik Gauthier 60 0 5 0
2 Tyler Johnson 40 0 5 0
Penalty Kill - 3 Players Defense
Defense Defense Time % Phy DF OF
1 Darnell Nurse Jamie McBain 60 0 5 0
2 Brent Seabrook Marcus Pettersson 40 0 5 0
4 vs 4 Forward
Center Wing Time % Phy DF OF
1 Connor McDavid Leon Draisaitl 60 1 2 2
2 Tyler Johnson Jamie Benn 40 1 2 2
4 vs 4 Defense
Defense Defense Time % Phy DF OF
1 Darnell Nurse Jamie McBain 60 1 2 2
2 Brent Seabrook Marcus Pettersson 40 1 2 2
Last Minutes Offensive
Center Left Wing Right Wing Defense Defense
Connor McDavid Leon Draisaitl Nikita Kucherov Darnell Nurse Jamie McBain
Last Minutes Defensive
Center Left Wing Right Wing Defense Defense
Connor McDavid Leon Draisaitl Nikita Kucherov Darnell Nurse Jamie McBain
Goaltenders
Starting : Carter Hart
Backup : Jaroslav Halak
Extra Forwards
Normal : Mitch Marner, Frederik Gauthier, Jamie Benn - PP : Mitch Marner, Frederik Gauthier - PK : Mitch Marner
Extra Defensemen
Normal : Marcus Pettersson, Brent Burns, Brett Lernout - PP : Marcus Pettersson - PK : Marcus Pettersson, Brent Burns
Penalty Shots
Connor McDavid, Nikita Kucherov, Tyler Johnson, Leon Draisaitl, Mitch Marner
Custom OT Lines Forwards
Connor McDavid, Nikita Kucherov, Tyler Johnson, Leon Draisaitl, Mitch Marner, Frederik Gauthier, Jamie Benn, Noel Acciari, Anton Slepyshev, Andrew Mangiapane
Custom OT Lines Defensemen
Darnell Nurse, Jamie McBain, Brent Seabrook, Marcus Pettersson, Brent Burns
Scratches
Philippe Myers (Healthy)
Kraken
5 vs 5 Forward
Center Left Wing Right Wing Time % Phy DF OF
1 Ryan Nugent-Hopkins Marcus Johansson Brendan Gallagher 40 0 2 3
2 Andrei Loktionov Tyler Bertuzzi Alex Tuch 30 0 2 3
3 Tanner Richard JT Compher Zach Hyman 20 0 2 3
4 Pierre-Luc Dubois Gabriel Bourque Gustav Nyquist 10 1 2 2
5 vs 5 Defense
Defense Defense Time % Phy DF OF
1 Erik Gudbranson Zach Bogosian 40 0 3 2
2 Olli Maatta Nikita Zaitsev 35 0 3 2
3 Jamie Oleksiak Jalen Chatfield 24 1 3 1
4 Jamie Oleksiak Jalen Chatfield 1 1 2 2
PowerPlay Forward
Center Left Wing Right Wing Time % Phy DF OF
1 Ryan Nugent-Hopkins Marcus Johansson Brendan Gallagher 60 0 1 4
2 Andrei Loktionov Tyler Bertuzzi Alex Tuch 40 0 1 4
PowerPlay Defense
Defense Defense Time % Phy DF OF
1 Erik Gudbranson Zach Bogosian 60 1 1 3
2 Olli Maatta Nikita Zaitsev 40 1 2 2
Penalty Kill 4 Players Forward
Center Wing Time % Phy DF OF
1 Andrei Loktionov Brendan Gallagher 55 1 4 0
2 Ryan Nugent-Hopkins Tyler Bertuzzi 45 1 4 0
Penalty Kill 4 Players Defense
Defense Defense Time % Phy DF OF
1 Erik Gudbranson Zach Bogosian 55 1 4 0
2 Olli Maatta Nikita Zaitsev 45 1 4 0
Penalty Kill - 3 Players Forward
Forward Time % Phy DF OF
1 Pierre-Luc Dubois 55 1 4 0
2 Andrei Loktionov 45 1 4 0
Penalty Kill - 3 Players Defense
Defense Defense Time % Phy DF OF
1 Erik Gudbranson Zach Bogosian 55 1 4 0
2 Olli Maatta Jamie Oleksiak 45 1 4 0
4 vs 4 Forward
Center Wing Time % Phy DF OF
1 Pierre-Luc Dubois Zach Hyman 50 1 2 2
2 Andrei Loktionov JT Compher 50 1 2 2
4 vs 4 Defense
Defense Defense Time % Phy DF OF
1 Jalen Chatfield Nikita Zaitsev 50 1 2 2
2 Olli Maatta Jamie Oleksiak 50 1 2 2
Last Minutes Offensive
Center Left Wing Right Wing Defense Defense
Ryan Nugent-Hopkins Marcus Johansson Brendan Gallagher Erik Gudbranson Zach Bogosian
Last Minutes Defensive
Center Left Wing Right Wing Defense Defense
Andrei Loktionov Tyler Bertuzzi Gabriel Bourque Olli Maatta Nikita Zaitsev
Goaltenders
Starting : Laurent Brossoit
Backup : Ebbe Siönäs
Extra Forwards
Normal : Zach Hyman, Brendan Gallagher, Tyler Bertuzzi - PP : Zach Hyman, Gustav Nyquist - PK : Andrei Loktionov
Extra Defensemen
Normal : Olli Maatta, Jalen Chatfield, Zach Bogosian - PP : Jamie Oleksiak - PK : Jamie Oleksiak, Jalen Chatfield
Penalty Shots
Zach Hyman, Marcus Johansson, Andrei Loktionov, Brendan Gallagher, Ryan Nugent-Hopkins
Custom OT Lines Forwards
Brendan Gallagher, Ryan Nugent-Hopkins, Andrei Loktionov, Marcus Johansson, Tyler Bertuzzi, Gabriel Bourque, Alex Tuch, JT Compher, Zach Hyman, Gustav Nyquist
Custom OT Lines Defensemen
Erik Gudbranson, Zach Bogosian, Olli Maatta, Nikita Zaitsev, Jalen Chatfield
Scratches
Kyle Rau (Chest/Ribs Injury), Logan Couture (Sprained Right Knee Injury), Victor Olofsson (Healthy)
% Time on Ice - Oilers
Lines # - Real PCT - Wanted PCT - Time Play
Normal Forward
1 - 35% - 35% - 17:29
2 - 30% - 30% - 14:52
3 - 25% - 25% - 12:41
4 - 10% - 10% - 5:03
Normal Defense
1 - 37% - 40% - 18:18
2 - 31% - 30% - 15:20
3 - 22% - 20% - 10:57
4 - 11% - 10% - 5:30
PP Forward
1 - 55% - 60% - 1:06
2 - 45% - 40% - 0:53
PP Defense
1 - 55% - 60% - 1:05
2 - 45% - 40% - 0:54
PK Forward
1 - 70% - 60% - 5:34
2 - 30% - 40% - 2:22
PK Defense
1 - 66% - 60% - 5:15
2 - 34% - 40% - 2:41
PK3 Forward
1 - 0% - 60%
2 - 0% - 40%
PK3 Defense
1 - 0% - 60%
2 - 0% - 40%
44 Forward
1 - 0% - 60%
2 - 0% - 40%
44 Defense
1 - 0% - 60%
2 - 0% - 40%
Last Minute Offensive - 0:00
Last Minute Defensive - 0:00
Total
Forward - 60:00
Defense - 60:00
|
% Time on Ice - Kraken
Lines # - Real PCT - Wanted PCT - Time Play
Normal Forward
1 - 34% - 40% - 17:16
2 - 30% - 30% - 15:15
3 - 20% - 20% - 10:15
4 - 15% - 10% - 7:19
Normal Defense
1 - 42% - 40% - 20:48
2 - 35% - 35% - 17:43
3 - 22% - 24% - 11:14
4 - 1% - 1% - 0:20
PP Forward
1 - 60% - 60% - 4:44
2 - 40% - 40% - 3:12
PP Defense
1 - 58% - 60% - 4:35
2 - 42% - 40% - 3:21
PK Forward
1 - 75% - 55% - 1:29
2 - 25% - 45% - 0:30
PK Defense
1 - 55% - 55% - 1:06
2 - 45% - 45% - 0:53
PK3 Forward
1 - 0% - 55%
2 - 0% - 45%
PK3 Defense
1 - 0% - 55%
2 - 0% - 45%
44 Forward
1 - 0% - 50%
2 - 0% - 50%
44 Defense
1 - 0% - 50%
2 - 0% - 50%
Last Minute Offensive - 0:00
Last Minute Defensive - 0:00
Total
Forward - 60:00
Defense - 60:00
|
Play-by-Play
1st period
0:01 of 1st period - Connor McDavid wins face-off versus Marcus Johansson in neutral zone.
0:04 of 1st period - Zach Bogosian is hit by Jamie McBain and loses puck.
0:33 of 1st period - Wrist shot by Mitch Marner.
0:33 of 1st period - Stopped by Laurent Brossoit without a rebound.
0:34 of 1st period - Tanner Richard wins face-off versus Tyler Johnson in Kraken zone.
2:31 of 1st period - Wrist shot by Alex Tuch.
2:31 of 1st period - Goal by Alex Tuch - Oilers : 0 - Kraken : 1.
2:32 of 1st period - Tyler Johnson wins face-off versus Ryan Nugent-Hopkins in neutral zone.
2:47 of 1st period - Snap shot by Leon Draisaitl.
2:47 of 1st period - Shot Misses the Net.
3:19 of 1st period - Off-side.
3:20 of 1st period - Noel Acciari wins face-off versus Pierre-Luc Dubois in neutral zone.
3:27 of 1st period - Snap shot by Christian Fischer.
3:27 of 1st period - Shot Blocked by Pierre-Luc Dubois.
3:29 of 1st period - Slapshot by Jamie McBain.
3:29 of 1st period - Stopped by Laurent Brossoit with a rebound.
3:33 of 1st period - Wrist shot by Anton Slepyshev.
3:33 of 1st period - Stopped by Laurent Brossoit with a rebound.
3:35 of 1st period - Slapshot by Darnell Nurse.
3:35 of 1st period - Shot Misses the Net.
3:37 of 1st period - Slapshot by Darnell Nurse.
3:37 of 1st period - Deflect By Christian Fischer.
3:37 of 1st period - Shot Misses the Net.
3:37 of 1st period - Puck is out of play.
3:38 of 1st period - Tyler Johnson wins face-off versus Ryan Nugent-Hopkins in Kraken zone.
3:39 of 1st period - Wrist shot by Leon Draisaitl.
3:39 of 1st period - Shot Misses the Net.
4:05 of 1st period - Jamie Benn is hit by Tyler Bertuzzi and loses puck.
4:26 of 1st period - Snap shot by Frederik Gauthier.
4:26 of 1st period - Stopped by Laurent Brossoit without a rebound.
4:27 of 1st period - Tanner Richard wins face-off versus Frederik Gauthier in Kraken zone.
4:33 of 1st period - Minor Penalty to Jason Robertson for Roughing.
4:34 of 1st period - Brendan Gallagher wins face-off versus Tyler Johnson in Oilers zone.
4:45 of 1st period - Wrist shot by Brendan Gallagher.
4:45 of 1st period - Shot Misses the Net.
4:47 of 1st period - Wrist shot by Ryan Nugent-Hopkins.
4:47 of 1st period - Shot Blocked by Darnell Nurse.
5:05 of 1st period - Slapshot by Erik Gudbranson.
5:05 of 1st period - Stopped by Carter Hart with a rebound.
6:05 of 1st period - Nikita Zaitsev is hit by Darnell Nurse and loses puck.
6:15 of 1st period - Icing by Ryan Nugent-Hopkins.
6:16 of 1st period - Ryan Nugent-Hopkins wins face-off versus Frederik Gauthier in Kraken zone.
6:23 of 1st period - Darnell Nurse is hit by Ryan Nugent-Hopkins and loses puck.
6:33 of 1st period - Penalty to Jason Robertson is over, Jason Robertson is back on ice.
6:37 of 1st period - Off-side.
6:38 of 1st period - Connor McDavid wins face-off versus Alex Tuch in neutral zone.
6:43 of 1st period - Wrist shot by Connor McDavid.
6:43 of 1st period - Stopped by Laurent Brossoit with a rebound.
7:26 of 1st period - Snap shot by Gustav Nyquist.
7:26 of 1st period - Deflect By Pierre-Luc Dubois.
7:26 of 1st period - Shot Blocked by Andrew Mangiapane.
7:26 of 1st period - Puck is out of play.
7:27 of 1st period - Pierre-Luc Dubois wins face-off versus Jason Robertson in Oilers zone.
8:29 of 1st period - Snap shot by Andrei Loktionov.
8:29 of 1st period - Shot Blocked by Marcus Pettersson.
8:31 of 1st period - Snap shot by Alex Tuch.
8:31 of 1st period - Goal by Alex Tuch - Oilers : 0 - Kraken : 2.
8:32 of 1st period - Ryan Nugent-Hopkins wins face-off versus Connor McDavid in neutral zone.
8:45 of 1st period - Backhand shot by Connor McDavid.
8:45 of 1st period - Shot Misses the Net.
8:47 of 1st period - Slapshot by Connor McDavid.
8:47 of 1st period - Shot Misses the Net.
9:33 of 1st period - Wrist shot by Zach Hyman.
9:33 of 1st period - Stopped by Carter Hart with a rebound.
10:05 of 1st period - Snap shot by Nikita Kucherov.
10:05 of 1st period - Stopped by Laurent Brossoit without a rebound.
10:06 of 1st period - Marcus Johansson wins face-off versus Connor McDavid in Kraken zone.
10:13 of 1st period - Wrist shot by Ryan Nugent-Hopkins.
10:13 of 1st period - Shot Blocked by Darnell Nurse.
10:29 of 1st period - Snap shot by Nikita Kucherov.
10:29 of 1st period - Stopped by Laurent Brossoit without a rebound.
10:30 of 1st period - Andrei Loktionov wins face-off versus Tyler Johnson in Kraken zone.
10:47 of 1st period - Snap shot by Leon Draisaitl.
10:47 of 1st period - Shot Blocked by Erik Gudbranson.
11:05 of 1st period - Slapshot by Frederik Gauthier.
11:05 of 1st period - Stopped by Laurent Brossoit with a rebound.
11:07 of 1st period - Backhand shot by Frederik Gauthier.
11:07 of 1st period - Shot Misses the Net.
11:09 of 1st period - Slapshot by Andrew Mangiapane.
11:09 of 1st period - Stopped by Laurent Brossoit without a rebound.
11:10 of 1st period - Connor McDavid wins face-off versus Ryan Nugent-Hopkins in Kraken zone.
11:13 of 1st period - Snap shot by Nikita Kucherov.
11:13 of 1st period - Stopped by Laurent Brossoit without a rebound.
11:14 of 1st period - Ryan Nugent-Hopkins wins face-off versus Nikita Kucherov in Kraken zone.
11:16 of 1st period - Minor Penalty to Brendan Gallagher for High sticking.
11:17 of 1st period - Andrei Loktionov wins face-off versus Connor McDavid in Kraken zone.
12:47 of 1st period - Jamie McBain is hit by Tyler Bertuzzi and loses puck.
13:16 of 1st period - Penalty to Brendan Gallagher is over, Brendan Gallagher is back on ice.
13:18 of 1st period - Wrist shot by JT Compher.
13:18 of 1st period - Deflect By Tanner Richard.
13:18 of 1st period - Shot Misses the Net.
13:18 of 1st period - Puck is out of play.
13:19 of 1st period - Tanner Richard wins face-off versus Andrew Mangiapane in Oilers zone.
13:20 of 1st period - Wrist shot by JT Compher.
13:20 of 1st period - Shot Blocked by Darnell Nurse.
14:30 of 1st period - Snap shot by Jason Robertson.
14:30 of 1st period - Goal by Jason Robertson - Oilers : 1 - Kraken : 2.
14:31 of 1st period - Marcus Johansson wins face-off versus Connor McDavid in neutral zone.
14:59 of 1st period - Off-side.
15:00 of 1st period - Tyler Johnson wins face-off versus Andrei Loktionov in neutral zone.
15:21 of 1st period - Jamie McBain is hit by Alex Tuch and loses puck.
15:34 of 1st period - Snap shot by Darnell Nurse.
15:34 of 1st period - Shot Misses the Net.
16:12 of 1st period - Snap shot by Tyler Johnson.
16:12 of 1st period - Stopped by Laurent Brossoit without a rebound.
16:13 of 1st period - Connor McDavid wins face-off versus Ryan Nugent-Hopkins in Kraken zone.
16:16 of 1st period - Snap shot by Nikita Kucherov.
16:16 of 1st period - Stopped by Laurent Brossoit without a rebound.
16:17 of 1st period - Ryan Nugent-Hopkins wins face-off versus Connor McDavid in Kraken zone.
17:04 of 1st period - Snap shot by Anton Slepyshev.
17:04 of 1st period - Deflect By Gabriel Bourque.
17:04 of 1st period - Shot Misses the Net.
17:04 of 1st period - Puck is out of play.
17:05 of 1st period - Pierre-Luc Dubois wins face-off versus Noel Acciari in Kraken zone.
17:58 of 1st period - Snap shot by Zach Hyman.
17:58 of 1st period - Shot Misses the Net.
18:18 of 1st period - Andrei Loktionov is hit by Brent Seabrook and loses puck.
19:10 of 1st period - Snap shot by Connor McDavid.
19:10 of 1st period - Shot Misses the Net.
19:56 of 1st period - Backhand shot by Leon Draisaitl.
19:56 of 1st period - Shot Misses the Net.
Goals for this period are 1 for Oilers vs 2 for Kraken.
Shots for this period are 13 for Oilers vs 4 for Kraken.
2nd period
0:01 of 2nd period - Connor McDavid wins face-off versus Ryan Nugent-Hopkins in neutral zone.
0:16 of 2nd period - Snap shot by Brendan Gallagher.
0:16 of 2nd period - Shot Misses the Net.
0:34 of 2nd period - Snap shot by Tyler Bertuzzi.
0:34 of 2nd period - Shot Blocked by Jamie McBain.
1:20 of 2nd period - Wrist shot by Anton Slepyshev.
1:20 of 2nd period - Stopped by Laurent Brossoit without a rebound.
1:21 of 2nd period - Connor McDavid wins face-off versus Ryan Nugent-Hopkins in Kraken zone.
1:32 of 2nd period - Slapshot by Nikita Kucherov.
1:32 of 2nd period - Shot Blocked by Brendan Gallagher.
1:34 of 2nd period - Snap shot by Brett Lernout.
1:34 of 2nd period - Stopped by Laurent Brossoit without a rebound.
1:35 of 2nd period - Connor McDavid wins face-off versus Ryan Nugent-Hopkins in Kraken zone.
1:43 of 2nd period - Minor Penalty to Darnell Nurse for Tripping.
1:44 of 2nd period - Ryan Nugent-Hopkins wins face-off versus Tyler Johnson in Oilers zone.
3:34 of 2nd period - Snap shot by Frederik Gauthier.
3:34 of 2nd period - Stopped by Laurent Brossoit without a rebound.
3:35 of 2nd period - Tyler Johnson wins face-off versus Ryan Nugent-Hopkins in Kraken zone.
3:43 of 2nd period - Penalty to Darnell Nurse is over, Darnell Nurse is back on ice.
4:00 of 2nd period - Nikita Kucherov is hit by Zach Hyman and loses puck.
4:17 of 2nd period - Snap shot by Frederik Gauthier.
4:17 of 2nd period - Stopped by Laurent Brossoit without a rebound.
4:18 of 2nd period - Connor McDavid wins face-off versus Ryan Nugent-Hopkins in Kraken zone.
4:21 of 2nd period - Snap shot by Connor McDavid.
4:21 of 2nd period - Stopped by Laurent Brossoit without a rebound.
4:22 of 2nd period - Ryan Nugent-Hopkins wins face-off versus Connor McDavid in Kraken zone.
4:35 of 2nd period - Wrist shot by Nikita Kucherov.
4:35 of 2nd period - Stopped by Laurent Brossoit without a rebound.
4:36 of 2nd period - Connor McDavid wins face-off versus Ryan Nugent-Hopkins in Kraken zone.
5:51 of 2nd period - Slapshot by Nikita Kucherov.
5:51 of 2nd period - Stopped by Laurent Brossoit with a rebound.
5:53 of 2nd period - Slapshot by Darnell Nurse.
5:53 of 2nd period - Shot Misses the Net.
5:55 of 2nd period - Snap shot by Jamie McBain.
5:55 of 2nd period - Shot Misses the Net.
5:57 of 2nd period - Slapshot by Jamie McBain.
5:57 of 2nd period - Shot Blocked by Zach Bogosian.
5:59 of 2nd period - Slapshot by Jamie McBain.
5:59 of 2nd period - Stopped by Laurent Brossoit without a rebound.
6:00 of 2nd period - Tanner Richard wins face-off versus Tyler Johnson in Kraken zone.
6:09 of 2nd period - Slapshot by Olli Maatta.
6:09 of 2nd period - Shot Misses the Net.
6:27 of 2nd period - Nikita Zaitsev is hit by Connor McDavid and loses puck.
6:54 of 2nd period - Nikita Zaitsev is hit by Marcus Pettersson and loses puck.
8:09 of 2nd period - Connor McDavid is hit by Tyler Bertuzzi and loses puck.
8:18 of 2nd period - Wrist shot by Tyler Bertuzzi.
8:18 of 2nd period - Stopped by Carter Hart with a rebound.
8:54 of 2nd period - Snap shot by Leon Draisaitl.
8:54 of 2nd period - Goal by Leon Draisaitl - Oilers : 2 - Kraken : 2.
8:55 of 2nd period - Ryan Nugent-Hopkins wins face-off versus Connor McDavid in neutral zone.
9:06 of 2nd period - Snap shot by Brendan Gallagher.
9:06 of 2nd period - Stopped by Carter Hart with a rebound.
9:08 of 2nd period - Wrist shot by Brendan Gallagher.
9:08 of 2nd period - Stopped by Carter Hart with a rebound.
9:10 of 2nd period - Snap shot by Brendan Gallagher.
9:10 of 2nd period - Deflect By Marcus Johansson.
9:10 of 2nd period - Shot Misses the Net.
9:10 of 2nd period - Puck is out of play.
9:11 of 2nd period - Andrei Loktionov wins face-off versus Frederik Gauthier in Oilers zone.
9:20 of 2nd period - Erik Gudbranson is hit by Frederik Gauthier and loses puck.
9:37 of 2nd period - Marcus Pettersson is hit by Zach Bogosian.
10:07 of 2nd period - Snap shot by Mitch Marner.
10:07 of 2nd period - Stopped by Laurent Brossoit with a rebound.
10:20 of 2nd period - Off-side.
10:21 of 2nd period - Pierre-Luc Dubois wins face-off versus Noel Acciari in neutral zone.
10:27 of 2nd period - Off-side.
10:28 of 2nd period - Ryan Nugent-Hopkins wins face-off versus Connor McDavid in neutral zone.
10:37 of 2nd period - Wrist shot by Brendan Gallagher.
10:37 of 2nd period - Goal by Brendan Gallagher - Oilers : 2 - Kraken : 3.
10:38 of 2nd period - Mitch Marner wins face-off versus Ryan Nugent-Hopkins in neutral zone.
11:09 of 2nd period - Snap shot by Connor McDavid.
11:09 of 2nd period - Stopped by Laurent Brossoit with a rebound.
11:11 of 2nd period - Snap shot by Connor McDavid.
11:11 of 2nd period - Stopped by Laurent Brossoit without a rebound.
11:12 of 2nd period - Connor McDavid wins face-off versus Andrei Loktionov in Kraken zone.
11:17 of 2nd period - Snap shot by Andrei Loktionov.
11:17 of 2nd period - Shot Blocked by Nikita Kucherov.
11:28 of 2nd period - Zach Bogosian is hit by Marcus Pettersson and loses puck.
11:39 of 2nd period - Connor McDavid is hit by Zach Bogosian and loses puck.
12:28 of 2nd period - Slapshot by Alex Tuch.
12:28 of 2nd period - Shot Misses the Net.
12:30 of 2nd period - Slapshot by Olli Maatta.
12:30 of 2nd period - Stopped by Carter Hart with a rebound.
12:44 of 2nd period - Slapshot by Jason Robertson.
12:44 of 2nd period - Stopped by Laurent Brossoit without a rebound.
12:45 of 2nd period - Pierre-Luc Dubois wins face-off versus Tyler Johnson in Kraken zone.
13:16 of 2nd period - Snap shot by Andrei Loktionov.
13:16 of 2nd period - Shot Misses the Net.
13:49 of 2nd period - Icing by Ryan Nugent-Hopkins.
13:50 of 2nd period - Tyler Johnson wins face-off versus Ryan Nugent-Hopkins in Kraken zone.
14:29 of 2nd period - Snap shot by Nikita Kucherov.
14:29 of 2nd period - Stopped by Laurent Brossoit without a rebound.
14:30 of 2nd period - Andrei Loktionov wins face-off versus Frederik Gauthier in Kraken zone.
15:25 of 2nd period - Wrist shot by Connor McDavid.
15:25 of 2nd period - Shot Misses the Net.
15:28 of 2nd period - Icing by Gustav Nyquist.
15:29 of 2nd period - Connor McDavid wins face-off versus Pierre-Luc Dubois in Kraken zone.
15:50 of 2nd period - Snap shot by Gustav Nyquist.
15:50 of 2nd period - Stopped by Carter Hart with a rebound.
15:52 of 2nd period - Slapshot by Nikita Zaitsev.
15:52 of 2nd period - Shot Blocked by Brent Burns.
15:54 of 2nd period - Slapshot by Nikita Zaitsev.
15:54 of 2nd period - Deflect By Gustav Nyquist.
15:54 of 2nd period - Stopped by Carter Hart without a rebound.
15:55 of 2nd period - Ryan Nugent-Hopkins wins face-off versus Tyler Johnson in Oilers zone.
16:22 of 2nd period - Tyler Bertuzzi is hit by Frederik Gauthier and loses puck.
16:39 of 2nd period - Minor Penalty to Brent Seabrook for High sticking.
16:40 of 2nd period - Ryan Nugent-Hopkins wins face-off versus Tyler Johnson in Oilers zone.
16:41 of 2nd period - Snap shot by Brendan Gallagher.
16:41 of 2nd period - Shot Blocked by Darnell Nurse.
16:47 of 2nd period - Snap shot by Brendan Gallagher.
16:47 of 2nd period - Shot Misses the Net.
16:57 of 2nd period - Wrist shot by Brendan Gallagher.
16:57 of 2nd period - Shot Misses the Net.
17:34 of 2nd period - Marcus Pettersson is hit by Nikita Zaitsev and loses puck.
18:19 of 2nd period - Marcus Johansson is hit by Jamie McBain and loses puck.
18:26 of 2nd period - Jamie McBain is hit by Nikita Zaitsev and loses puck.
18:39 of 2nd period - Penalty to Brent Seabrook is over, Brent Seabrook is back on ice.
19:13 of 2nd period - Gabriel Bourque is hit by Brent Seabrook and loses puck.
19:26 of 2nd period - Andrei Loktionov is hit by Brett Lernout and loses puck.
Goals for this period are 1 for Oilers vs 1 for Kraken.
Shots for this period are 14 for Oilers vs 7 for Kraken.
3rd period
0:01 of 3rd period - Ryan Nugent-Hopkins wins face-off versus Tyler Johnson in neutral zone.
0:38 of 3rd period - Icing by Jamie Benn.
0:39 of 3rd period - Connor McDavid wins face-off versus Ryan Nugent-Hopkins in Oilers zone.
0:54 of 3rd period - Snap shot by Brendan Gallagher.
0:54 of 3rd period - Stopped by Carter Hart without a rebound.
0:55 of 3rd period - Andrei Loktionov wins face-off versus Mitch Marner in Oilers zone.
1:04 of 3rd period - Snap shot by Alex Tuch.
1:04 of 3rd period - Shot Blocked by Tyler Johnson.
1:06 of 3rd period - Snap shot by Tyler Bertuzzi.
1:06 of 3rd period - Stopped by Carter Hart with a rebound.
1:08 of 3rd period - Wrist shot by Alex Tuch.
1:08 of 3rd period - Shot Misses the Net.
1:10 of 3rd period - Wrist shot by Alex Tuch.
1:10 of 3rd period - Deflect By Andrei Loktionov.
1:10 of 3rd period - Stopped by Carter Hart with a rebound.
1:56 of 3rd period - Snap shot by Zach Hyman.
1:56 of 3rd period - Stopped by Carter Hart with a rebound.
2:54 of 3rd period - Wrist shot by Mitch Marner.
2:54 of 3rd period - Stopped by Laurent Brossoit with a rebound.
3:13 of 3rd period - Icing by Brendan Gallagher.
3:14 of 3rd period - Ryan Nugent-Hopkins wins face-off versus Noel Acciari in Kraken zone.
3:20 of 3rd period - Off-side.
3:21 of 3rd period - Tyler Johnson wins face-off versus Andrei Loktionov in neutral zone.
4:27 of 3rd period - Minor Penalty to Andrew Mangiapane for Roughing.
4:28 of 3rd period - Mitch Marner wins face-off versus Ryan Nugent-Hopkins in Oilers zone.
4:39 of 3rd period - Slapshot by Zach Bogosian.
4:39 of 3rd period - Deflect By Ryan Nugent-Hopkins.
4:39 of 3rd period - Stopped by Carter Hart without a rebound.
4:40 of 3rd period - Tyler Johnson wins face-off versus Ryan Nugent-Hopkins in Oilers zone.
6:27 of 3rd period - Penalty to Andrew Mangiapane is over, Andrew Mangiapane is back on ice.
6:42 of 3rd period - Wrist shot by Frederik Gauthier.
6:42 of 3rd period - Stopped by Laurent Brossoit without a rebound.
6:43 of 3rd period - Tanner Richard wins face-off versus Connor McDavid in Kraken zone.
6:43 of 3rd period - Tanner Richard is hit by Jamie Benn.
6:51 of 3rd period - Wrist shot by Zach Hyman.
6:51 of 3rd period - Stopped by Carter Hart with a rebound.
7:28 of 3rd period - Snap shot by Gabriel Bourque.
7:28 of 3rd period - Goal by Gabriel Bourque - Oilers : 2 - Kraken : 4.
7:28 of 3rd period - Jaroslav Halak enters game.
7:29 of 3rd period - Ryan Nugent-Hopkins wins face-off versus Tyler Johnson in neutral zone.
7:32 of 3rd period - Slapshot by Zach Bogosian.
7:32 of 3rd period - Stopped by Jaroslav Halak without a rebound.
7:33 of 3rd period - Ryan Nugent-Hopkins wins face-off versus Tyler Johnson in Oilers zone.
7:34 of 3rd period - Wrist shot by Brendan Gallagher.
7:34 of 3rd period - Shot Blocked by Mitch Marner.
7:40 of 3rd period - Zach Bogosian is hit by Tyler Johnson.
8:24 of 3rd period - Snap shot by Alex Tuch.
8:24 of 3rd period - Shot Blocked by Darnell Nurse.
8:26 of 3rd period - Slapshot by Zach Bogosian.
8:26 of 3rd period - Shot Misses the Net.
8:28 of 3rd period - Slapshot by Zach Bogosian.
8:28 of 3rd period - Goal by Zach Bogosian - Oilers : 2 - Kraken : 5.
8:29 of 3rd period - Ryan Nugent-Hopkins wins face-off versus Connor McDavid in neutral zone.
8:40 of 3rd period - Snap shot by Connor McDavid.
8:40 of 3rd period - Stopped by Laurent Brossoit without a rebound.
8:41 of 3rd period - Connor McDavid wins face-off versus Brendan Gallagher in Kraken zone.
8:52 of 3rd period - Wrist shot by Nikita Kucherov.
8:52 of 3rd period - Stopped by Laurent Brossoit without a rebound.
8:53 of 3rd period - Connor McDavid wins face-off versus Ryan Nugent-Hopkins in Kraken zone.
9:27 of 3rd period - Slapshot by Frederik Gauthier.
9:27 of 3rd period - Shot Misses the Net.
9:29 of 3rd period - Slapshot by Jamie McBain.
9:29 of 3rd period - Deflect By Jason Robertson.
9:29 of 3rd period - Shot Misses the Net.
9:29 of 3rd period - Puck is out of play.
9:30 of 3rd period - Andrei Loktionov wins face-off versus Tyler Johnson in Kraken zone.
10:16 of 3rd period - Snap shot by Tyler Bertuzzi.
10:16 of 3rd period - Deflect By Alex Tuch.
10:16 of 3rd period - Stopped by Jaroslav Halak with a rebound.
10:44 of 3rd period - Snap shot by Mitch Marner.
10:44 of 3rd period - Stopped by Laurent Brossoit without a rebound.
10:45 of 3rd period - Ryan Nugent-Hopkins wins face-off versus Connor McDavid in Kraken zone.
10:51 of 3rd period - Off-side.
10:52 of 3rd period - Ryan Nugent-Hopkins wins face-off versus Connor McDavid in neutral zone.
11:20 of 3rd period - Snap shot by JT Compher.
11:20 of 3rd period - Stopped by Jaroslav Halak without a rebound.
11:21 of 3rd period - JT Compher wins face-off versus Frederik Gauthier in Oilers zone.
11:22 of 3rd period - Wrist shot by Zach Hyman.
11:22 of 3rd period - Shot Misses the Net.
11:42 of 3rd period - Snap shot by Frederik Gauthier.
11:42 of 3rd period - Shot Misses the Net.
12:04 of 3rd period - Wrist shot by Zach Hyman.
12:04 of 3rd period - Stopped by Jaroslav Halak without a rebound.
12:05 of 3rd period - Connor McDavid wins face-off versus Ryan Nugent-Hopkins in Oilers zone.
12:32 of 3rd period - Brent Seabrook is hit by Alex Tuch and loses puck.
13:03 of 3rd period - Wrist shot by Erik Gudbranson.
13:03 of 3rd period - Shot Blocked by Anton Slepyshev.
13:03 of 3rd period - Anton Slepyshev from Oilers is injured at 13:03 of 3rd period (Bruised Right Foot).
13:04 of 3rd period - Connor McDavid wins face-off versus Ryan Nugent-Hopkins in Oilers zone.
13:33 of 3rd period - Snap shot by Tyler Bertuzzi.
13:33 of 3rd period - Stopped by Jaroslav Halak without a rebound.
13:34 of 3rd period - Andrei Loktionov wins face-off versus Frederik Gauthier in Oilers zone.
13:59 of 3rd period - Erik Gudbranson is hit by Jason Robertson and loses puck.
14:10 of 3rd period - Wrist shot by Tyler Bertuzzi.
14:10 of 3rd period - Stopped by Jaroslav Halak without a rebound.
14:11 of 3rd period - Connor McDavid wins face-off versus Ryan Nugent-Hopkins in Oilers zone.
14:26 of 3rd period - Wrist shot by Ryan Nugent-Hopkins.
14:26 of 3rd period - Stopped by Jaroslav Halak without a rebound.
14:27 of 3rd period - Leon Draisaitl wins face-off versus Zach Hyman in Oilers zone.
15:03 of 3rd period - Icing by Connor McDavid.
15:04 of 3rd period - Ryan Nugent-Hopkins wins face-off versus Nikita Kucherov in Oilers zone.
15:11 of 3rd period - Slapshot by Brendan Gallagher.
15:11 of 3rd period - Shot Misses the Net.
15:41 of 3rd period - Wrist shot by Jamie Benn.
15:41 of 3rd period - Shot Misses the Net.
16:21 of 3rd period - Wrist shot by Mitch Marner.
16:21 of 3rd period - Shot Misses the Net.
16:41 of 3rd period - Snap shot by Ryan Nugent-Hopkins.
16:41 of 3rd period - Shot Blocked by Darnell Nurse.
17:07 of 3rd period - Frederik Gauthier is hit by Jamie Oleksiak and loses puck.
17:20 of 3rd period - Andrew Mangiapane is hit by Tyler Bertuzzi and loses puck.
17:57 of 3rd period - Slapshot by Jamie McBain.
17:57 of 3rd period - Stopped by Laurent Brossoit with a rebound.
17:59 of 3rd period - Wrist shot by Andrew Mangiapane.
17:59 of 3rd period - Shot Hit the Post.
18:01 of 3rd period - Wrist shot by Frederik Gauthier.
18:01 of 3rd period - Shot Hit the Post.
18:03 of 3rd period - Snap shot by Frederik Gauthier.
18:03 of 3rd period - Deflect By Jason Robertson.
18:03 of 3rd period - Shot Blocked by Olli Maatta.
18:03 of 3rd period - Puck is out of play.
18:04 of 3rd period - Ryan Nugent-Hopkins wins face-off versus Tyler Johnson in Kraken zone.
18:38 of 3rd period - Slapshot by Zach Bogosian.
18:38 of 3rd period - Stopped by Jaroslav Halak without a rebound.
18:39 of 3rd period - Ryan Nugent-Hopkins wins face-off versus Noel Acciari in Oilers zone.
18:42 of 3rd period - Snap shot by Marcus Johansson.
18:42 of 3rd period - Stopped by Jaroslav Halak with a rebound.
Goals for this period are 0 for Oilers vs 2 for Kraken.
Shots for this period are 6 for Oilers vs 17 for Kraken.